 Dungeon Crawl Stone Soup version 0.31.0-11-ge490571c62 (webtiles) character file.

Game seed: 1290060353907987125

1390 ragingrage the Carver (level 8, -2/60 HPs)
             Began as a Human Delver on Jan 27, 2024.
             Was a Believer of Okawaru.
             Slain by an orc warrior
             ... wielding a +0 flail
              (14 damage)
             ... on level 7 of the Dungeon.
             The game lasted 00:19:36 (6288 turns).

ragingrage the Carver (Human Delver)                Turns: 6288, Time: 00:19:37

Health: -2/60      AC:  7    Str: 22    XL:     8   Next: 68%
Magic:  8/9        EV: 10    Int: 16    God:    Okawaru [**....]
Gold:   160        SH:  5    Dex: 17    Spells: 7/7 levels left

rFire   . . .        a - +0 falchion
rCold   . . .        (no shield)
rNeg    + . .        q - +0 scale mail of Loder {rN+ Str+3}
rPois   .            (no helmet)
rElec   .            s - +0 cloak
rCorr   .            (no gloves)
SInv    .            (no boots)
Will    .....        n - amulet of reflection
Stlth   ++           G - +6 ring of strength
HPRegen 0.30/turn    v - +6 ring of intelligence
MPRegen 0.11/turn

%: reflection
@: no status effects
A: explore regen
a: Renounce Religion, Heroism


You were on level 7 of the Dungeon.
You worshipped Okawaru.
Okawaru was pleased with you.
You visited 2 branches of the dungeon, and saw 8 of its levels.

You collected 260 gold pieces.
You spent 100 gold pieces at shops.

Inventory:

Hand Weapons
 a - a +0 falchion (weapon)
 b - a +0 rapier
 h - a +0 short sword
 y - a +0 dagger
Missiles
 r - a boomerang (quivered)
Armour
 j - a +0 scale mail
 k - a +0 kite shield
 q - the +0 scale mail of Loder (worn) {rN+ Str+3}
   (You found it on level 3 of the Dungeon)

   Str+3:     It affects your strength (+3).
   rN+:       It protects you from negative energy.
 s - a +0 cloak (worn)
Magical Staves
 C - a staff of alchemy
Jewellery
 n - an amulet of reflection (around neck)
 o - a ring of resist corrosion
 v - a +6 ring of intelligence (right hand)
 G - a +6 ring of strength (left hand)
Talismans
 w - a beast talisman
Wands
 g - a wand of digging (3)
 I - a wand of flame (12)
Scrolls
 c - a scroll of fog
 d - a scroll of revelation
 e - a scroll of fear
 i - a scroll of vulnerability
 p - a scroll of enchant armour {unknown}
 t - 3 scrolls of enchant weapon
 u - 3 scrolls of silence
 z - a scroll of brand weapon {unknown}
 B - a scroll of teleportation {unknown}
 E - a scroll of noise
Potions
 f - a potion of haste
 l - a potion of lignification
 x - a potion of berserk rage {unknown}
 A - a potion of curing
 D - a potion of magic
 F - a potion of resistance {unknown}
 H - a potion of enlightenment {unknown}


   Skills:
 + Level 4.1 Fighting
 - Level 10.0 Long Blades
 - Level 2.0 Dodging
 - Level 5.0 Stealth
 - Level 2.0 Invocations


You had 7 spell levels left.
You didn't know any spells.
Your spell library contained the following spells:

 Spells                   Type           Power      Damage    Failure   Level
 Dazzling Flash           Conj/Hex       0%         N/A       91%         3
 Volatile Blastmotes      Fire/Tloc      0%         2d10      91%         3
 Starburst                Conj/Fire      0%         6d3       100%        6
 Maxwell's Capacitive Co  Air            0%         ∞         100%        8


Dungeon Overview and Level Annotations

Branches:
Dungeon (7/15)             Temple (1/1) D:4

Altars:
Ashenzari
Dithmenos
Fedhas
Gozag
Hepliaklqana
Makhleb
Nemelex Xobeh
Okawaru
Ru
Sif Muna
Trog
Xom
Yredelemnul
Zin
The Shining One

Shops:
D:6 *

Portals:
Bailey: D:7

Annotations:
D:2 exclusions: orc, orc priest and 3 more exclusions
D:3 exclusions: bombardier beetle and downstairs
D:4 1 exclusion, Edmund, Menkaure
D:5 exclusions: black bear, 6 doors, upstairs and 1 more exclusion
D:7 2 transporters, 1 exclusion


Innate Abilities, Weirdness & Mutations

You regain HP and MP as you explore.


Message History

The orc warrior is almost dead.
The orc warrior barely misses you.
You hit the orc warrior but do no damage.
You punch the orc warrior, but do no damage.
The orc warrior is almost dead.
You barely miss the orc warrior.
The orc warrior is almost dead.
The orc warrior hits you with a +0 flail!
You hit the orc warrior.
The orc warrior is almost dead.
The orc warrior hits you but does no damage.
You hit the orc warrior but do no damage.
The orc warrior is almost dead.
You hit the orc warrior but do no damage.
The orc warrior is almost dead.
You block the orc warrior's attack.
Press: ? - help, v - describe, . - travel
Here: an orc warrior, wielding a +0 flail and wearing a +0 plate armour (almost dead)
The floor, spattered with blood.
You feel better. The orc warrior barely misses you.
You hit the orc warrior but do no damage.
You punch the orc warrior, but do no damage.
The orc warrior is almost dead.
You closely miss the orc warrior.
The orc warrior is almost dead.
The orc warrior hits you but does no damage.
You closely miss the orc warrior.
The orc warrior is almost dead.
You feel like a meek peon again.
The orc warrior hits you with a +0 flail!
* * * LOW HITPOINT WARNING * * *
You hit the orc warrior but do no damage.
The orc warrior is almost dead.
You hit the orc warrior.
The orc warrior is almost dead.
The orc warrior hits you with a +0 flail!
* * * LOW HITPOINT WARNING * * *
You feel better.
The orc warrior hits you with a +0 flail!
You die...

#........
#........
#........
#........ #
####........
##.####
...<..o.....
>#(....
#.#!....###
.......
#.......#
#.###o......
#$##....#
#...@..# #.
#....#
#.#....# #
........
.$....#
...)..##
#.#....#
#.)∩).#
#......#
#..)..#
#....#.#
.....#
..###.# ...
.$


You could see an orc warrior.

Vanquished Creatures
  Prince Ribbit (D:6)
  A water moccasin (D:5)
  An ice beast (D:7)
  An orc warrior (D:6)
  3 phantoms
  2 bullfrogs
  A scorpion (D:4)
  3 howler monkeys
  2 orc priests (D:6)
  3 hounds (D:6)
  A sleepcap (D:6)
  2 iguanas (D:5)
  2 adders
  3 shadow imps
  2 white imps (D:5)
  7 ufetubi
  An adder zombie (D:5)
  A ribbon worm (D:3)
  3 dart slugs
  7 orcs
  6 endoplasms
  2 giant cockroaches (D:1)
  4 goblins
  4 hobgoblins
  2 jackals (D:2)
  3 quokkas
  A ball python (D:3)
  6 bats
  5 frilled lizards
  2 jackal zombies (D:5)
  2 kobolds
  5 rats
89 creatures vanquished.

Notes
Turn   | Place    | Note
-------+----------+-------------------------------------------
     0 | D:5      | ragingrage the Human Delver began the quest for the Orb.
     0 | D:5      | Reached XP level 1. HP: 18/18 MP: 1/1
     1 | D:5      | Noticed a black bear
    39 | D:5      | Found a glowing golden altar of the Shining One.
   195 | D:3      | Noticed a bombardier beetle
   416 | D:2      | Reached XP level 2. HP: 24/24 MP: 2/2
   427 | D:3      | Found a shimmering altar of Xom.
   427 | D:3      | Found a shimmering altar of Xom.
   427 | D:3      | Found a shimmering altar of Xom.
   428 | D:3      | Found a shimmering altar of Xom.
   432 | D:3      | Identified the +0 scale mail of Loder {rN+ Str+3}
   667 | D:1      | Reached skill level 3 in Long Blades
   851 | D:1      | Reached XP level 3. HP: 29/29 MP: 3/3
  1395 | D:2      | Reached skill level 4 in Long Blades
  1861 | D:3      | Reached XP level 4. HP: 29/35 MP: 4/4
  1909 | D:3      | Found a shimmering altar of Xom.
  1909 | D:3      | Found a shimmering altar of Xom.
  2648 | D:4      | Noticed Edmund
  2964 | D:4      | Found a staircase to the Ecumenical Temple.
  2972 | Temple   | Entered the Ecumenical Temple
  3058 | Temple   | Became a worshipper of Warmaster Okawaru
  3254 | D:4      | Noticed a scorpion
  3267 | D:4      | Killed a scorpion
  3268 | D:4      | Reached skill level 5 in Long Blades
  3268 | D:4      | Reached XP level 5. HP: 41/41 MP: 5/5
  3514 | D:4      | Noticed Menkaure
  3560 | D:5      | Noticed a phantom
  3574 | D:4      | Killed a phantom
  3575 | D:4      | Reached skill level 6 in Long Blades
  3575 | D:4      | Reached XP level 6. HP: 40/47 MP: 6/6
  4401 | D:5      | Noticed a water moccasin
  4413 | D:5      | Killed a water moccasin
  4413 | D:5      | Reached * piety under Okawaru
  4414 | D:5      | Reached skill level 7 in Long Blades
  4414 | D:5      | Reached XP level 7. HP: 52/52 MP: 7/7
  4430 | D:5      | Found a sparkling altar of Nemelex Xobeh.
  4780 | D:6      | Reached skill level 8 in Long Blades
  4833 | D:6      | Found an opulent altar of Gozag.
  5379 | D:6      | Found Mijorhyer's Elemental Accessories.
  5593 | D:6      | Reached skill level 9 in Long Blades
  5593 | D:6      | Reached XP level 8. HP: 58/58 MP: 5/8
  5660 | D:7      | Noticed Prince Ribbit
  5675 | D:6      | Bought a wand of flame (13) for 100 gold pieces
  5713 | D:7      | Found a glowing silver altar of Zin.
  5713 | D:7      | Found a flagged portal.
  5867 | D:7      | Reached ** piety under Okawaru
  5868 | D:7      | Reached skill level 1 in Invocations
  5979 | D:7      | Found a transporter.
  5980 | D:7      | Found a transporter.
  5980 | D:7      | Noticed a small abomination
  5980 | D:7      | Noticed a green ugly thing
  5980 | D:7      | Noticed a small abomination
  5980 | D:7      | Noticed a red ugly thing
  6002 | D:7      | Noticed a red ugly thing
  6093 | D:6      | Killed Prince Ribbit
  6094 | D:6      | Reached skill level 10 in Long Blades
  6288 | D:7      | Slain by an orc warrior

Illustrated notes

Levels and vault maps discovered:
D:1:      amcnicky_arrival_feature_with_door, layout_basic, interstate_on_off
D:2:      cheibrodos_pilgrimage, layout_basic, grunt_ministairs_13
D:3:      layout_loops_ring, xom_redecorated
D:4:      layout_cave_pods, minmay_temple_entry_glassed_door, uniq_pikel,
          uniq_menkaure, uniq_edmund
D:5:      layout_basic, mainiacjoe_overflow_six_doors_small,
          trog_ov_bears_minmay, lemuel_zombie_altar_kikubaaqudgha,
          nemelex_diamond_rough_becter, kennysheep_generic_room_12
D:6:      layout_basic, kennysheep_little_box, minmay_misc_feat_square,
          hangedman_decor_riveting, grunt_decor_one_mirror,
          nicolae_elemental_shop
D:7:      gammafunk_corrupted_shrine, layout_basic, overflow_temple_1_default,
          grunt_qazlal_sundering, enter_bailey_2, uniq_prince_ribbit1,
          uniq_maggie, uniq_joseph
Temple:   nicolae_temple_bog_church

Skill      XL: |  1  2  3  4  5  6  7  8 |
---------------+-------------------------+-----
Long Blades    | 3 4 5 6 7 9 10 | 10.0
Invocations    | 2 |  2.0
Fighting       | 4 |  4.1
Dodging        | |  2.0
Stealth        | |  5.0

Action                     |  1- 3 |  4- 6 |  7- 9 || total
---------------------------+-------+-------+-------++-------
  Melee: Falchion          |   104 |   120 |   166 ||   390
         Punch             |     2 |     3 |     5 ||    10
         Unarmed           |       |    32 |       ||    32
  Throw: Boomerang         |     5 |    22 |    32 ||    59
         Dart              |       |       |     6 ||     6
 Invoke: Heroism           |       |       |     3 ||     3
  Evoke: Wand              |       |       |     1 ||     1
    Use: Scroll            |       |     3 |     3 ||     6
         Potion            |       |     8 |     2 ||    10
   Stab: Sleeping          |     9 |     2 |       ||    11
         Invisible         |       |     3 |       ||     3
 Armour: Leather armour    |    40 |    20 |       ||    60
         Skin              |       |    29 |       ||    29
         Scale mail        |       |    66 |    92 ||   158
  Dodge: Dodged            |    63 |    76 |    71 ||   210
  Block: Other             |       |    29 |    26 ||    55
